Monsters vs Rocket
Created - January 8, 2022 at 19:56
Goals
|
Monsters |
3 |
1 |
0 |
4 |
Rocket |
4 |
0 |
1 |
5 |
|
Shots
|
Monsters |
10 |
10 |
8 |
28 |
Rocket |
20 |
5 |
6 |
31 |
|
1st period
1. Monsters , Patrik Laine 2 (Ryan Fitzgerald 5, Aaron Ness 16) at 1:18
2. Monsters , Matt Calvert 9 (Christian Hanson 9, Ondrej Kase 7) at 4:10
3. Rocket , Tyler Pitlick 4 (Dominic Turgeon 3) at 10:12 (SH)
4. Rocket , Peter Holland 3 (Tyler Pitlick 6, Danton Heinen 5) at 16:38
5. Rocket , Mattias Tedenby 5 (Andrey Pedan 5, Viktor Loov 3) at 18:07 (PP)
6. Rocket , Peter Holland 4 (Tyler Pitlick 7, Mattias Tedenby 9) at 18:46 (PP)
7. Monsters , Ondrej Kase 6 (Matt Calvert 6) at 19:14 (PP)
Penalties :
Joakim Nordstrom (Cle) for Tripping (Minor) at 7:51, Andrey Pedan (Lav) for Hooking (Minor) at 9:04, Christian Hanson (Cle) for Hooking (Minor) at 13:26, Matt Calvert (Cle) for Roughing (Double Minor) at 17:32, Andrey Pedan (Lav) for Hooking (Minor) at 18:57
2nd period
8. Monsters , Bobby Farnham 2 (Jared Knight 3) at 9:47
Penalties :
Jared Knight (Cle) for Interference (Minor) at 3:38, Tarmo Reunanen (Cle) for Tripping (Minor) at 6:30, Ty Rattie (Lav) for Tripping (Minor) at 15:39
3rd period
9. Rocket , Peter Holland 5 (Adrian Kempe 9) at 16:53 (SH)
Penalties :
Aaron Ness (Cle) for Interference (Minor) at 0:24, Joakim Nordstrom (Cle) for Roughing (Minor) at 12:32, Ty Rattie (Lav) for Roughing (Minor) at 15:10
Goalie Stats
Phoenix Copley (Cle), 14 saves from 18 shots - (0.778), 18:46 minutes
Peyton Jones (Cle), 12 saves from 13 shots - (0.923), L, 0-1-0, 40:12 minutes
Jean-Francois Berube (Lav), 24 saves from 28 shots - (0.857), W, 6-6-1, 60:00 minutes
Players Stats for Monsters
Player Name G A P +/- PIM S H SB GA TA FO MP PP MP PK MP
------------------------------------------------------------------------------------
Aaron Ness 0 1 1 0 2 0 6 1 1 2 0/0 28:12 3:28 5:52
Austin Watson 0 0 0 -1 0 0 0 0 0 0 0/1 3:43 2:22 1:15
Bobby Farnham 1 0 1 1 0 4 2 0 0 0 0/0 10:56 0:00 0:00
Christian Hanson 0 1 1 0 2 2 2 1 0 0 9/11 18:22 3:06 3:44
Dillon Heatherington 0 0 0 0 0 2 1 1 1 0 0/0 18:14 2:00 5:25
Dominik Simon 0 0 0 -2 0 2 2 0 2 1 15/28 20:09 2:42 3:41
Jared Knight 0 1 1 1 2 0 1 0 0 0 1/3 10:48 0:00 0:00
Joakim Nordstrom 0 0 0 1 4 1 2 0 0 0 0/2 13:21 0:20 2:28
Matt Calvert 1 1 2 0 4 3 2 0 0 1 6/10 21:33 2:46 6:13
Matt Grzelcyk 0 0 0 0 0 0 0 0 0 1 0/0 18:25 2:00 5:21
Mitch Marner 0 0 0 -2 0 4 4 0 0 0 2/3 16:00 2:22 0:00
Morgan Rielly 0 0 0 0 0 3 5 3 0 2 0/0 29:30 3:28 7:09
Ondrej Kase 1 1 2 0 0 4 1 1 3 1 0/1 22:32 2:46 7:23
Patrik Laine 1 0 1 0 0 1 3 0 0 0 0/1 17:35 0:00 0:00
Richard Nejezchleb 0 0 0 1 0 0 0 0 0 0 0/0 5:43 0:00 0:00
Ryan Fitzgerald 0 1 1 1 0 0 0 0 0 0 1/1 5:43 0:00 0:00
Tarmo Reunanen 0 0 0 0 2 1 1 1 0 0 0/0 13:31 0:00 0:57
Victor Mete 0 0 0 0 0 1 0 0 0 0 0/0 12:28 0:00 0:00
Players Stats for Rocket
Player Name G A P +/- PIM S H SB GA TA FO MP PP MP PK MP
------------------------------------------------------------------------------------
Adam Fox 0 0 0 1 0 0 2 3 0 1 0/0 24:29 7:41 0:14
Adrian Kempe 0 1 1 0 0 2 3 0 0 1 0/0 19:59 6:34 0:35
Andrei Mironov 0 0 0 -1 0 2 3 1 0 3 0/0 21:13 4:41 3:42
Andrey Pedan 0 1 1 0 4 3 2 1 1 1 0/0 25:46 4:40 1:32
Blake Hillman 0 0 0 0 0 0 1 1 0 0 0/0 11:43 0:00 0:00
Corey Trivino 0 0 0 -1 0 2 1 0 1 0 11/22 19:44 6:34 0:00
Danton Heinen 0 1 1 0 0 5 0 0 1 0 0/0 18:12 6:34 0:00
Dominic Turgeon 0 1 1 1 0 1 1 0 0 0 6/13 14:19 0:05 3:42
Jack Glover 0 0 0 1 0 1 1 1 0 0 0/0 14:30 0:00 2:11
Jiri Sekac 0 0 0 0 0 2 3 0 1 0 0/0 11:28 0:05 1:09
Karson Kuhlman 0 0 0 -1 0 0 0 0 0 0 1/1 8:00 0:00 1:09
Kole Sherwood 0 0 0 -1 0 0 0 0 0 0 0/0 6:51 0:00 0:00
Mattias Tedenby 1 1 2 -1 0 2 0 0 1 0 0/2 18:54 5:43 0:02
Peter Holland 3 0 3 1 0 5 3 1 0 0 8/21 17:43 5:43 0:49
Sergey Tolchinsky 0 0 0 -1 0 1 0 0 1 1 0/0 6:51 0:00 0:00
Ty Rattie 0 0 0 0 4 1 0 0 1 0 0/0 10:23 0:05 0:00
Tyler Pitlick 1 2 3 1 0 4 1 1 1 0 1/2 21:08 5:43 3:30
Viktor Loov 0 1 1 -1 0 0 1 2 0 0 0/0 22:29 7:41 3:17
3 Stars
1 - Peter Holland (Lav)
2 - Tyler Pitlick (Lav)
3 - Ondrej Kase (Cle)
Power Play
Monsters - 1 on 4 Attempt(s) - 25.00%
Rocket - 2 on 8 Attempt(s) - 25.00%
Penalty Kill
Monsters - 6 on 8 Attempt(s) - 75.00%
- Score 0 goal in Penalty Kill
Rocket - 3 on 4 Attempt(s) - 75.00%
- Score 2 goal in Penalty Kill
Team Stat
Monsters - Hits : 32 - Faceoff Wins : 34 - Blocked Shots : 8 - Penalty Minutes : 16
Rocket - Hits : 22 - Faceoff Wins : 27 - Blocked Shots : 11 - Penalty Minutes : 8
Official
Referees : Jean Hebert and Tim Peel
Linesman : Scott Cherrey and Ryan Galloway
Game Notes
Peyton Jones enters game at 18:46 of 1st period
Peter Holland has scored a Hat Trick!
Finance
Level 1 -- Attendance: 1930 (96.50%) -- Ticket Income $67,550
Level 2 -- Attendance: 961 (96.10%) -- Ticket Income $14,415
Total Attendance: 2891 (96.37%)
Total Ticket Income: $81,965
Other Income: $4,098
Total Income: $86,063
Monsters
5 vs 5 Forward
Center Left Wing Right Wing Time % Phy DF OF
1 Dominik Simon Patrik Laine Mitch Marner 40 1 2 2
2 Christian Hanson Matt Calvert Ondrej Kase 30 1 2 2
3 Jared Knight Joakim Nordstrom Bobby Farnham 20 1 2 2
4 Ryan Fitzgerald Patrik Laine Richard Nejezchleb 10 1 2 2
5 vs 5 Defense
Defense Defense Time % Phy DF OF
1 Morgan Rielly Aaron Ness 40 1 2 2
2 Dillon Heatherington Matt Grzelcyk 30 1 2 2
3 Victor Mete Tarmo Reunanen 20 1 2 2
4 Morgan Rielly Aaron Ness 10 1 2 2
PowerPlay Forward
Center Left Wing Right Wing Time % Phy DF OF
1 Christian Hanson Matt Calvert Ondrej Kase 60 1 2 2
2 Dominik Simon Austin Watson Mitch Marner 40 1 2 2
PowerPlay Defense
Defense Defense Time % Phy DF OF
1 Morgan Rielly Aaron Ness 60 1 2 2
2 Dillon Heatherington Matt Grzelcyk 40 1 2 2
Penalty Kill 4 Players Forward
Center Wing Time % Phy DF OF
1 Matt Calvert Ondrej Kase 60 1 2 2
2 Christian Hanson Dominik Simon 40 1 2 2
Penalty Kill 4 Players Defense
Defense Defense Time % Phy DF OF
1 Morgan Rielly Aaron Ness 60 1 2 2
2 Dillon Heatherington Matt Grzelcyk 40 1 2 2
Penalty Kill - 3 Players Forward
Forward Time % Phy DF OF
1 Matt Calvert 60 1 2 2
2 Ondrej Kase 40 1 2 2
Penalty Kill - 3 Players Defense
Defense Defense Time % Phy DF OF
1 Morgan Rielly Aaron Ness 60 1 2 2
2 Dillon Heatherington Matt Grzelcyk 40 1 2 2
4 vs 4 Forward
Center Wing Time % Phy DF OF
1 Matt Calvert Ondrej Kase 60 1 2 2
2 Christian Hanson Dominik Simon 40 1 2 2
4 vs 4 Defense
Defense Defense Time % Phy DF OF
1 Morgan Rielly Aaron Ness 60 1 2 2
2 Dillon Heatherington Matt Grzelcyk 40 1 2 2
Last Minutes Offensive
Center Left Wing Right Wing Defense Defense
Christian Hanson Matt Calvert Ondrej Kase Morgan Rielly Aaron Ness
Last Minutes Defensive
Center Left Wing Right Wing Defense Defense
Christian Hanson Matt Calvert Ondrej Kase Morgan Rielly Aaron Ness
Goaltenders
Starting : Phoenix Copley
Backup : Peyton Jones
Extra Forwards
Normal : Bobby Farnham, Jared Knight, Joakim Nordstrom - PP : Bobby Farnham, Jared Knight - PK : Joakim Nordstrom
Extra Defensemen
Normal : Victor Mete, Tarmo Reunanen, Dillon Heatherington - PP : Victor Mete - PK : Tarmo Reunanen, Dillon Heatherington
Penalty Shots
Matt Calvert, Ondrej Kase, Christian Hanson, Dominik Simon, Mitch Marner
Scratches
Cameron Hughes (Healthy), Francis Perron (Healthy), Maxim Mamin (Healthy), Marc Michaelis (Healthy), Nathan Noel (Healthy)
Eric Comrie (Healthy)
Rocket
5 vs 5 Forward
Center Left Wing Right Wing Time % Phy DF OF
1 Corey Trivino Adrian Kempe Mattias Tedenby 35 0 1 4
2 Peter Holland Tyler Pitlick Danton Heinen 35 0 1 4
3 Dominic Turgeon Jiri Sekac Ty Rattie 20 0 2 3
4 Karson Kuhlman Sergey Tolchinsky Kole Sherwood 10 0 3 2
5 vs 5 Defense
Defense Defense Time % Phy DF OF
1 Andrey Pedan Adam Fox 40 0 2 3
2 Viktor Loov Andrei Mironov 30 0 3 2
3 Jack Glover Blake Hillman 20 0 3 2
4 Viktor Loov Andrey Pedan 10 0 3 2
PowerPlay Forward
Center Left Wing Right Wing Time % Phy DF OF
1 Corey Trivino Adrian Kempe Danton Heinen 60 0 0 5
2 Peter Holland Tyler Pitlick Mattias Tedenby 40 0 0 5
PowerPlay Defense
Defense Defense Time % Phy DF OF
1 Viktor Loov Adam Fox 60 0 0 5
2 Andrei Mironov Andrey Pedan 40 0 1 4
Penalty Kill 4 Players Forward
Center Wing Time % Phy DF OF
1 Dominic Turgeon Tyler Pitlick 60 0 4 1
2 Karson Kuhlman Jiri Sekac 40 0 5 0
Penalty Kill 4 Players Defense
Defense Defense Time % Phy DF OF
1 Viktor Loov Andrey Pedan 60 0 5 0
2 Andrei Mironov Jack Glover 40 0 5 0
Penalty Kill - 3 Players Forward
Forward Time % Phy DF OF
1 Dominic Turgeon 60 0 5 0
2 Corey Trivino 40 0 5 0
Penalty Kill - 3 Players Defense
Defense Defense Time % Phy DF OF
1 Viktor Loov Andrey Pedan 60 0 5 0
2 Andrei Mironov Jack Glover 40 0 5 0
4 vs 4 Forward
Center Wing Time % Phy DF OF
1 Mattias Tedenby Tyler Pitlick 60 0 2 3
2 Corey Trivino Danton Heinen 40 0 2 3
4 vs 4 Defense
Defense Defense Time % Phy DF OF
1 Viktor Loov Andrey Pedan 60 0 2 3
2 Andrei Mironov Jack Glover 40 0 2 3
Last Minutes Offensive
Center Left Wing Right Wing Defense Defense
Corey Trivino Adrian Kempe Danton Heinen Viktor Loov Andrey Pedan
Last Minutes Defensive
Center Left Wing Right Wing Defense Defense
Corey Trivino Tyler Pitlick Mattias Tedenby Viktor Loov Andrey Pedan
Goaltenders
Starting : Jean-Francois Berube
Backup : Adam Werner
Extra Forwards
Normal : Adrian Kempe, Danton Heinen, Mattias Tedenby - PP : Danton Heinen, Adrian Kempe - PK : Peter Holland
Extra Defensemen
Normal : Adam Fox, Viktor Loov, Andrei Mironov - PP : Adam Fox - PK : Andrey Pedan, Andrei Mironov
Penalty Shots
Mattias Tedenby, Tyler Pitlick, Corey Trivino, Danton Heinen, Viktor Loov
Scratches
Daniel Sprong (Healthy), Dean Kukan (Healthy), Mason Appleton (Healthy), Ryan Collins (Healthy), Tyler Lewington (Healthy)
Luke Kunin (Healthy), Mikhail Maltsev (Healthy)
% Time on Ice - Monsters
Lines # - Real PCT - Wanted PCT - Time Play
Normal Forward
1 - 35% - 40% - 14:29
2 - 27% - 30% - 11:11
3 - 24% - 20% - 10:01
4 - 14% - 10% - 5:43
Normal Defense
1 - 42% - 40% - 17:20
2 - 26% - 30% - 10:41
3 - 30% - 20% - 12:28
4 - 2% - 10% - 0:55
PP Forward
1 - 51% - 60% - 2:46
2 - 49% - 40% - 2:42
PP Defense
1 - 63% - 60% - 3:28
2 - 37% - 40% - 2:00
PK Forward
1 - 71% - 60% - 8:49
2 - 29% - 40% - 3:33
PK Defense
1 - 58% - 60% - 7:09
2 - 42% - 40% - 5:13
PK3 Forward
1 - 0% - 60%
2 - 0% - 40%
PK3 Defense
1 - 0% - 60%
2 - 0% - 40%
44 Forward
1 - 83% - 60% - 0:38
2 - 17% - 40% - 0:08
44 Defense
1 - 83% - 60% - 0:38
2 - 17% - 40% - 0:08
Last Minute Offensive - 0:00
Last Minute Defensive - 0:00
Total
Forward - 60:00
Defense - 60:00
|
% Time on Ice - Rocket
Lines # - Real PCT - Wanted PCT - Time Play
Normal Forward
1 - 32% - 35% - 13:25
2 - 27% - 35% - 11:11
3 - 24% - 20% - 9:57
4 - 17% - 10% - 6:51
Normal Defense
1 - 40% - 40% - 16:25
2 - 30% - 30% - 12:13
3 - 28% - 20% - 11:43
4 - 3% - 10% - 1:03
PP Forward
1 - 54% - 60% - 6:39
2 - 46% - 40% - 5:43
PP Defense
1 - 62% - 60% - 7:41
2 - 38% - 40% - 4:41
PK Forward
1 - 79% - 60% - 4:19
2 - 21% - 40% - 1:09
PK Defense
1 - 63% - 60% - 3:28
2 - 37% - 40% - 2:00
PK3 Forward
1 - 0% - 60%
2 - 0% - 40%
PK3 Defense
1 - 0% - 60%
2 - 0% - 40%
44 Forward
1 - 57% - 60% - 0:26
2 - 43% - 40% - 0:20
44 Defense
1 - 46% - 60% - 0:21
2 - 54% - 40% - 0:25
Last Minute Offensive - 0:00
Last Minute Defensive - 0:00
Total
Forward - 60:00
Defense - 60:00
|
Play-by-Play
1st period
0:01 of 1st period - Corey Trivino wins face-off versus Dominik Simon in neutral zone.
0:04 of 1st period - Slapshot by Adrian Kempe.
0:04 of 1st period - Shot Misses the Net.
0:10 of 1st period - Adrian Kempe is hit by Mitch Marner and loses puck.
0:47 of 1st period - Viktor Loov is hit by Jared Knight.
1:18 of 1st period - Wrist shot by Patrik Laine.
1:18 of 1st period - Goal by Patrik Laine - Monsters : 1 - Rocket : 0.
1:19 of 1st period - Dominik Simon wins face-off versus Peter Holland in neutral zone.
1:38 of 1st period - Aaron Ness is hit by Peter Holland and loses puck.
2:01 of 1st period - Wrist shot by Matt Calvert.
2:01 of 1st period - Shot Misses the Net.
2:13 of 1st period - Dillon Heatherington is hit by Jiri Sekac.
2:19 of 1st period - Blake Hillman is hit by Joakim Nordstrom and loses puck.
3:42 of 1st period - Off-side.
3:43 of 1st period - Mitch Marner wins face-off versus Peter Holland in neutral zone.
3:56 of 1st period - Slapshot by Danton Heinen.
3:56 of 1st period - Stopped by Phoenix Copley without a rebound.
3:57 of 1st period - Corey Trivino wins face-off versus Ondrej Kase in Monsters zone.
4:10 of 1st period - Snap shot by Matt Calvert.
4:10 of 1st period - Goal by Matt Calvert - Monsters : 2 - Rocket : 0.
4:11 of 1st period - Dominik Simon wins face-off versus Peter Holland in neutral zone.
5:22 of 1st period - Sergey Tolchinsky is hit by Aaron Ness and loses puck.
6:01 of 1st period - Tarmo Reunanen is hit by Blake Hillman.
6:05 of 1st period - Snap shot by Patrik Laine.
6:05 of 1st period - Shot Blocked by Jack Glover.
6:40 of 1st period - Snap shot by Matt Calvert.
6:40 of 1st period - Stopped by Jean-Francois Berube with a rebound.
6:42 of 1st period - Snap shot by Ondrej Kase.
6:42 of 1st period - Shot Blocked by Andrey Pedan.
6:44 of 1st period - Slapshot by Tarmo Reunanen.
6:44 of 1st period - Stopped by Jean-Francois Berube with a rebound.
6:46 of 1st period - Wrist shot by Ondrej Kase.
6:46 of 1st period - Deflect By Sergey Tolchinsky.
6:46 of 1st period - Stopped by Jean-Francois Berube without a rebound.
6:47 of 1st period - Peter Holland wins face-off versus Dominik Simon in Rocket zone.
7:51 of 1st period - Minor Penalty to Joakim Nordstrom for Tripping.
7:52 of 1st period - Matt Calvert wins face-off versus Corey Trivino in Monsters zone.
8:25 of 1st period - Slapshot by Mattias Tedenby.
8:25 of 1st period - Stopped by Phoenix Copley with a rebound.
8:27 of 1st period - Snap shot by Andrei Mironov.
8:27 of 1st period - Stopped by Phoenix Copley without a rebound.
8:28 of 1st period - Christian Hanson wins face-off versus Peter Holland in Monsters zone.
9:04 of 1st period - Minor Penalty to Andrey Pedan for Hooking.
9:05 of 1st period - Matt Calvert wins face-off versus Mattias Tedenby in Rocket zone.
9:05 of 1st period - Wrist shot by Ondrej Kase.
9:05 of 1st period - Shot Misses the Net.
9:49 of 1st period - Slapshot by Christian Hanson.
9:49 of 1st period - Shot Blocked by Andrei Mironov.
9:51 of 1st period - Penalty to Joakim Nordstrom is over, Joakim Nordstrom is back on ice.
9:59 of 1st period - Wrist shot by Dominik Simon.
9:59 of 1st period - Shot Misses the Net.
10:05 of 1st period - Dominik Simon is hit by Jack Glover and loses puck.
10:10 of 1st period - Slapshot by Peter Holland.
10:10 of 1st period - Deflect By Dominic Turgeon.
10:10 of 1st period - Shot Misses the Net.
10:10 of 1st period - Puck is out of play.
10:11 of 1st period - Dominic Turgeon wins face-off versus Dominik Simon in Monsters zone.
10:12 of 1st period - Wrist shot by Tyler Pitlick.
10:12 of 1st period - Goal by Tyler Pitlick - Monsters : 2 - Rocket : 1.
10:13 of 1st period - Christian Hanson wins face-off versus Dominic Turgeon in neutral zone.
10:26 of 1st period - Tyler Pitlick is hit by Ondrej Kase and loses puck.
10:43 of 1st period - Slapshot by Ondrej Kase.
10:43 of 1st period - Deflect By Matt Calvert.
10:43 of 1st period - Shot Misses the Net.
10:43 of 1st period - Puck is out of play.
10:44 of 1st period - Karson Kuhlman wins face-off versus Austin Watson in Rocket zone.
10:55 of 1st period - Snap shot by Dominik Simon.
10:55 of 1st period - Shot Misses the Net.
10:57 of 1st period - Slapshot by Matt Grzelcyk.
10:57 of 1st period - Shot Blocked by Viktor Loov.
10:59 of 1st period - Slapshot by Dillon Heatherington.
10:59 of 1st period - Stopped by Jean-Francois Berube without a rebound.
11:00 of 1st period - Christian Hanson wins face-off versus Dominic Turgeon in Rocket zone.
11:03 of 1st period - Wrist shot by Ondrej Kase.
11:03 of 1st period - Shot Misses the Net.
11:04 of 1st period - Penalty to Andrey Pedan is over, Andrey Pedan is back on ice.
11:11 of 1st period - Wrist shot by Tyler Pitlick.
11:11 of 1st period - Stopped by Phoenix Copley with a rebound.
11:13 of 1st period - Slapshot by Andrei Mironov.
11:13 of 1st period - Stopped by Phoenix Copley with a rebound.
11:15 of 1st period - Slapshot by Viktor Loov.
11:15 of 1st period - Deflect By Tyler Pitlick.
11:15 of 1st period - Shot Blocked by Christian Hanson.
11:15 of 1st period - Puck is out of play.
11:16 of 1st period - Dominik Simon wins face-off versus Corey Trivino in Monsters zone.
11:27 of 1st period - Snap shot by Adrian Kempe.
11:27 of 1st period - Shot Blocked by Morgan Rielly.
11:29 of 1st period - Backhand shot by Andrey Pedan.
11:29 of 1st period - Stopped by Phoenix Copley with a rebound.
11:31 of 1st period - Slapshot by Mattias Tedenby.
11:31 of 1st period - Shot Blocked by Morgan Rielly.
11:33 of 1st period - Wrist shot by Adrian Kempe.
11:33 of 1st period - Stopped by Phoenix Copley without a rebound.
11:34 of 1st period - Christian Hanson wins face-off versus Peter Holland in Monsters zone.
11:39 of 1st period - Wrist shot by Danton Heinen.
11:39 of 1st period - Shot Misses the Net.
12:06 of 1st period - Snap shot by Danton Heinen.
12:06 of 1st period - Shot Misses the Net.
12:26 of 1st period - Slapshot by Mitch Marner.
12:26 of 1st period - Stopped by Jean-Francois Berube with a rebound.
13:22 of 1st period - Backhand shot by Adrian Kempe.
13:22 of 1st period - Stopped by Phoenix Copley without a rebound.
13:23 of 1st period - Christian Hanson wins face-off versus Corey Trivino in Monsters zone.
13:23 of 1st period - Christian Hanson is hit by Corey Trivino.
13:26 of 1st period - Minor Penalty to Christian Hanson for Hooking.
13:27 of 1st period - Corey Trivino wins face-off versus Matt Calvert in Monsters zone.
13:31 of 1st period - Backhand shot by Danton Heinen.
13:31 of 1st period - Stopped by Phoenix Copley with a rebound.
13:33 of 1st period - Snap shot by Corey Trivino.
13:33 of 1st period - Stopped by Phoenix Copley without a rebound.
13:34 of 1st period - Matt Calvert wins face-off versus Corey Trivino in Monsters zone.
14:16 of 1st period - Off-side.
14:17 of 1st period - Peter Holland wins face-off versus Matt Calvert in neutral zone.
14:43 of 1st period - Peter Holland is hit by Joakim Nordstrom and loses puck.
15:13 of 1st period - Dillon Heatherington is hit by Peter Holland and loses puck.
15:26 of 1st period - Penalty to Christian Hanson is over, Christian Hanson is back on ice.
15:30 of 1st period - Corey Trivino is hit by Dominik Simon and loses puck.
16:02 of 1st period - Slapshot by Sergey Tolchinsky.
16:02 of 1st period - Stopped by Phoenix Copley with a rebound.
16:21 of 1st period - Off-side.
16:22 of 1st period - Dominik Simon wins face-off versus Dominic Turgeon in neutral zone.
16:26 of 1st period - Off-side.
16:27 of 1st period - Peter Holland wins face-off versus Patrik Laine in neutral zone.
16:34 of 1st period - Wrist shot by Peter Holland.
16:34 of 1st period - Stopped by Phoenix Copley with a rebound.
16:36 of 1st period - Wrist shot by Tyler Pitlick.
16:36 of 1st period - Stopped by Phoenix Copley with a rebound.
16:38 of 1st period - Snap shot by Peter Holland.
16:38 of 1st period - Goal by Peter Holland - Monsters : 2 - Rocket : 2.
16:39 of 1st period - Dominik Simon wins face-off versus Peter Holland in neutral zone.
16:44 of 1st period - Backhand shot by Mitch Marner.
16:44 of 1st period - Deflect By Dominik Simon.
16:44 of 1st period - Shot Misses the Net.
16:44 of 1st period - Puck is out of play.
16:45 of 1st period - Dominik Simon wins face-off versus Peter Holland in Rocket zone.
16:48 of 1st period - Snap shot by Dominik Simon.
16:48 of 1st period - Stopped by Jean-Francois Berube without a rebound.
16:49 of 1st period - Dominik Simon wins face-off versus Peter Holland in Rocket zone.
16:50 of 1st period - Slapshot by Mitch Marner.
16:50 of 1st period - Shot Blocked by Peter Holland.
16:52 of 1st period - Snap shot by Morgan Rielly.
16:52 of 1st period - Stopped by Jean-Francois Berube without a rebound.
16:53 of 1st period - Peter Holland wins face-off versus Mitch Marner in Rocket zone.
17:08 of 1st period - Slapshot by Tyler Pitlick.
17:08 of 1st period - Stopped by Phoenix Copley without a rebound.
17:09 of 1st period - Corey Trivino wins face-off versus Christian Hanson in Monsters zone.
17:32 of 1st period - Double Minor Penalty to Matt Calvert for Roughing.
17:33 of 1st period - Corey Trivino wins face-off versus Joakim Nordstrom in Monsters zone.
18:07 of 1st period - Snap shot by Mattias Tedenby.
18:07 of 1st period - Goal by Mattias Tedenby - Monsters : 2 - Rocket : 3.
18:08 of 1st period - Corey Trivino wins face-off versus Joakim Nordstrom in neutral zone.
18:13 of 1st period - Slapshot by Adam Fox.
18:13 of 1st period - Shot Blocked by Morgan Rielly.
18:46 of 1st period - Wrist shot by Peter Holland.
18:46 of 1st period - Goal by Peter Holland - Monsters : 2 - Rocket : 4.
18:46 of 1st period - Peyton Jones enters game.
18:47 of 1st period - Dominik Simon wins face-off versus Peter Holland in neutral zone.
18:54 of 1st period - Snap shot by Dominik Simon.
18:54 of 1st period - Deflect By Patrik Laine.
18:54 of 1st period - Shot Blocked by Adam Fox.
18:54 of 1st period - Puck is out of play.
18:55 of 1st period - Tyler Pitlick wins face-off versus Dominik Simon in Rocket zone.
18:57 of 1st period - Minor Penalty to Andrey Pedan for Hooking.
18:58 of 1st period - Dominic Turgeon wins face-off versus Christian Hanson in Rocket zone.
18:58 of 1st period - Dominic Turgeon is hit by Morgan Rielly.
19:09 of 1st period - Dominic Turgeon is hit by Matt Calvert and loses puck.
19:14 of 1st period - Snap shot by Ondrej Kase.
19:14 of 1st period - Goal by Ondrej Kase - Monsters : 3 - Rocket : 4.
19:15 of 1st period - Peter Holland wins face-off versus Dominik Simon in neutral zone.
19:20 of 1st period - Backhand shot by Danton Heinen.
19:20 of 1st period - Stopped by Peyton Jones with a rebound.
19:22 of 1st period - Slapshot by Andrey Pedan.
19:22 of 1st period - Stopped by Peyton Jones without a rebound.
19:23 of 1st period - Dominik Simon wins face-off versus Peter Holland in Monsters zone.
19:28 of 1st period - Peter Holland is hit by Patrik Laine and loses puck.
Goals for this period are 3 for Monsters vs 4 for Rocket.
Shots for this period are 10 for Monsters vs 20 for Rocket.
2nd period
0:01 of 2nd period - Corey Trivino wins face-off versus Dominik Simon in neutral zone.
0:04 of 2nd period - Wrist shot by Adam Fox.
0:04 of 2nd period - Deflect By Mattias Tedenby.
0:04 of 2nd period - Shot Misses the Net.
0:04 of 2nd period - Puck is out of play.
0:05 of 2nd period - Dominik Simon wins face-off versus Corey Trivino in Monsters zone.
0:05 of 2nd period - Dominik Simon is hit by Andrey Pedan.
0:17 of 2nd period - Snap shot by Mattias Tedenby.
0:17 of 2nd period - Shot Misses the Net.
0:38 of 2nd period - Slapshot by Dillon Heatherington.
0:38 of 2nd period - Stopped by Jean-Francois Berube with a rebound.
0:54 of 2nd period - Aaron Ness is hit by Adam Fox and loses puck.
2:04 of 2nd period - Snap shot by Danton Heinen.
2:04 of 2nd period - Shot Misses the Net.
2:06 of 2nd period - Snap shot by Tyler Pitlick.
2:06 of 2nd period - Shot Blocked by Tarmo Reunanen.
2:08 of 2nd period - Snap shot by Tyler Pitlick.
2:08 of 2nd period - Shot Misses the Net.
2:34 of 2nd period - Wrist shot by Joakim Nordstrom.
2:34 of 2nd period - Stopped by Jean-Francois Berube with a rebound.
3:36 of 2nd period - Slapshot by Danton Heinen.
3:36 of 2nd period - Stopped by Peyton Jones with a rebound.
3:38 of 2nd period - Minor Penalty to Jared Knight for Interference.
3:39 of 2nd period - Corey Trivino wins face-off versus Matt Calvert in Monsters zone.
3:46 of 2nd period - Wrist shot by Danton Heinen.
3:46 of 2nd period - Stopped by Peyton Jones with a rebound.
3:54 of 2nd period - Slapshot by Adam Fox.
3:54 of 2nd period - Shot Blocked by Aaron Ness.
4:33 of 2nd period - Dominik Simon is hit by Andrei Mironov.
5:04 of 2nd period - Danton Heinen is hit by Morgan Rielly and loses puck.
5:38 of 2nd period - Penalty to Jared Knight is over, Jared Knight is back on ice.
5:52 of 2nd period - Snap shot by Jiri Sekac.
5:52 of 2nd period - Stopped by Peyton Jones without a rebound.
5:53 of 2nd period - Dominic Turgeon wins face-off versus Dominik Simon in Monsters zone.
6:30 of 2nd period - Minor Penalty to Tarmo Reunanen for Tripping.
6:31 of 2nd period - Matt Calvert wins face-off versus Corey Trivino in Monsters zone.
6:31 of 2nd period - Matt Calvert is hit by Viktor Loov.
8:30 of 2nd period - Penalty to Tarmo Reunanen is over, Tarmo Reunanen is back on ice.
8:35 of 2nd period - Morgan Rielly is hit by Andrei Mironov and loses puck.
8:55 of 2nd period - Andrey Pedan is hit by Patrik Laine.
8:59 of 2nd period - Sergey Tolchinsky is hit by Morgan Rielly and loses puck.
9:18 of 2nd period - Dillon Heatherington is hit by Dominic Turgeon and loses puck.
9:29 of 2nd period - Blake Hillman is hit by Dillon Heatherington and loses puck.
9:45 of 2nd period - Slapshot by Aaron Ness.
9:45 of 2nd period - Deflect By Bobby Farnham.
9:45 of 2nd period - Shot Blocked by Blake Hillman.
9:45 of 2nd period - Puck is out of play.
9:46 of 2nd period - Jared Knight wins face-off versus Peter Holland in Rocket zone.
9:47 of 2nd period - Wrist shot by Bobby Farnham.
9:47 of 2nd period - Goal by Bobby Farnham - Monsters : 4 - Rocket : 4.
9:48 of 2nd period - Corey Trivino wins face-off versus Dominik Simon in neutral zone.
10:15 of 2nd period - Tyler Pitlick is hit by Aaron Ness and loses puck.
10:28 of 2nd period - Viktor Loov is hit by Aaron Ness and loses puck.
11:40 of 2nd period - Viktor Loov is hit by Bobby Farnham.
11:50 of 2nd period - Kole Sherwood is hit by Mitch Marner and loses puck.
12:03 of 2nd period - Slapshot by Andrey Pedan.
12:03 of 2nd period - Deflect By Ondrej Kase.
12:03 of 2nd period - Stopped by Peyton Jones with a rebound.
12:30 of 2nd period - Jiri Sekac is hit by Tarmo Reunanen and loses puck.
12:45 of 2nd period - Sergey Tolchinsky is hit by Mitch Marner and loses puck.
13:04 of 2nd period - Mattias Tedenby is hit by Matt Calvert and loses puck.
13:26 of 2nd period - Off-side.
13:27 of 2nd period - Dominik Simon wins face-off versus Dominic Turgeon in neutral zone.
13:59 of 2nd period - Wrist shot by Bobby Farnham.
13:59 of 2nd period - Shot Misses the Net.
14:01 of 2nd period - Snap shot by Bobby Farnham.
14:01 of 2nd period - Shot Blocked by Adam Fox.
14:21 of 2nd period - Adam Fox is hit by Christian Hanson and loses puck.
14:44 of 2nd period - Kole Sherwood is hit by Dominik Simon and loses puck.
14:55 of 2nd period - Slapshot by Adam Fox.
14:55 of 2nd period - Shot Blocked by Dillon Heatherington.
15:03 of 2nd period - Slapshot by Jiri Sekac.
15:03 of 2nd period - Stopped by Peyton Jones without a rebound.
15:04 of 2nd period - Christian Hanson wins face-off versus Corey Trivino in Monsters zone.
15:04 of 2nd period - Christian Hanson is hit by Adrian Kempe.
15:11 of 2nd period - Snap shot by Ondrej Kase.
15:11 of 2nd period - Stopped by Jean-Francois Berube with a rebound.
15:39 of 2nd period - Minor Penalty to Ty Rattie for Tripping.
15:40 of 2nd period - Dominik Simon wins face-off versus Tyler Pitlick in Rocket zone.
15:46 of 2nd period - Snap shot by Dominik Simon.
15:46 of 2nd period - Shot Misses the Net.
15:48 of 2nd period - Wrist shot by Dominik Simon.
15:48 of 2nd period - Shot Blocked by Tyler Pitlick.
15:50 of 2nd period - Snap shot by Dominik Simon.
15:50 of 2nd period - Stopped by Jean-Francois Berube with a rebound.
15:52 of 2nd period - Slapshot by Aaron Ness.
15:52 of 2nd period - Deflect By Mitch Marner.
15:52 of 2nd period - Stopped by Jean-Francois Berube with a rebound.
16:54 of 2nd period - Icing by Matt Grzelcyk.
16:55 of 2nd period - Peter Holland wins face-off versus Dominik Simon in Monsters zone.
17:39 of 2nd period - Penalty to Ty Rattie is over, Ty Rattie is back on ice.
17:52 of 2nd period - Wrist shot by Bobby Farnham.
17:52 of 2nd period - Stopped by Jean-Francois Berube without a rebound.
17:53 of 2nd period - Corey Trivino wins face-off versus Jared Knight in Rocket zone.
18:30 of 2nd period - Snap shot by Mitch Marner.
18:30 of 2nd period - Stopped by Jean-Francois Berube with a rebound.
18:32 of 2nd period - Snap shot by Patrik Laine.
18:32 of 2nd period - Deflect By Mitch Marner.
18:32 of 2nd period - Shot Misses the Net.
18:32 of 2nd period - Puck is out of play.
18:33 of 2nd period - Christian Hanson wins face-off versus Mattias Tedenby in Rocket zone.
18:34 of 2nd period - Snap shot by Ondrej Kase.
18:34 of 2nd period - Shot Blocked by Viktor Loov.
18:42 of 2nd period - Wrist shot by Christian Hanson.
18:42 of 2nd period - Stopped by Jean-Francois Berube with a rebound.
19:45 of 2nd period - Wrist shot by Matt Calvert.
19:45 of 2nd period - Deflect By Christian Hanson.
19:45 of 2nd period - Stopped by Jean-Francois Berube with a rebound.
Goals for this period are 1 for Monsters vs 0 for Rocket.
Shots for this period are 10 for Monsters vs 5 for Rocket.
3rd period
0:01 of 3rd period - Dominik Simon wins face-off versus Peter Holland in neutral zone.
0:04 of 3rd period - Wrist shot by Mitch Marner.
0:04 of 3rd period - Stopped by Jean-Francois Berube without a rebound.
0:05 of 3rd period - Peter Holland wins face-off versus Dominik Simon in Rocket zone.
0:05 of 3rd period - Tyler Pitlick is hit by Morgan Rielly and loses puck.
0:12 of 3rd period - Aaron Ness is hit by Peter Holland and loses puck.
0:24 of 3rd period - Minor Penalty to Aaron Ness for Interference.
0:25 of 3rd period - Matt Calvert wins face-off versus Corey Trivino in Monsters zone.
0:35 of 3rd period - Slapshot by Matt Calvert.
0:35 of 3rd period - Stopped by Jean-Francois Berube without a rebound.
0:36 of 3rd period - Corey Trivino wins face-off versus Matt Calvert in Rocket zone.
0:51 of 3rd period - Slapshot by Corey Trivino.
0:51 of 3rd period - Stopped by Peyton Jones with a rebound.
1:01 of 3rd period - Mattias Tedenby is hit by Christian Hanson and loses puck.
2:24 of 3rd period - Penalty to Aaron Ness is over, Aaron Ness is back on ice.
2:38 of 3rd period - Off-side.
2:39 of 3rd period - Dominik Simon wins face-off versus Dominic Turgeon in neutral zone.
2:41 of 3rd period - Off-side.
2:42 of 3rd period - Dominic Turgeon wins face-off versus Dominik Simon in neutral zone.
3:19 of 3rd period - Wrist shot by Jiri Sekac.
3:19 of 3rd period - Shot Misses the Net.
3:39 of 3rd period - Wrist shot by Dominic Turgeon.
3:39 of 3rd period - Shot Misses the Net.
3:45 of 3rd period - Slapshot by Dominic Turgeon.
3:45 of 3rd period - Shot Misses the Net.
3:47 of 3rd period - Slapshot by Jack Glover.
3:47 of 3rd period - Shot Blocked by Ondrej Kase.
3:49 of 3rd period - Snap shot by Dominic Turgeon.
3:49 of 3rd period - Stopped by Peyton Jones without a rebound.
3:50 of 3rd period - Peter Holland wins face-off versus Dominik Simon in Monsters zone.
3:55 of 3rd period - Slapshot by Peter Holland.
3:55 of 3rd period - Stopped by Peyton Jones with a rebound.
4:03 of 3rd period - Adam Fox is hit by Morgan Rielly and loses puck.
4:16 of 3rd period - Morgan Rielly is hit by Adrian Kempe and loses puck.
4:35 of 3rd period - Dillon Heatherington is hit by Adam Fox and loses puck.
5:34 of 3rd period - Jack Glover is hit by Aaron Ness and loses puck.
5:45 of 3rd period - Corey Trivino is hit by Bobby Farnham and loses puck.
6:11 of 3rd period - Aaron Ness is hit by Jiri Sekac and loses puck.
6:20 of 3rd period - Wrist shot by Ty Rattie.
6:20 of 3rd period - Stopped by Peyton Jones with a rebound.
6:22 of 3rd period - Slapshot by Jack Glover.
6:22 of 3rd period - Stopped by Peyton Jones with a rebound.
7:00 of 3rd period - Tarmo Reunanen is hit by Andrey Pedan and loses puck.
7:07 of 3rd period - Dillon Heatherington is hit by Tyler Pitlick and loses puck.
7:52 of 3rd period - Karson Kuhlman is hit by Aaron Ness and loses puck.
8:18 of 3rd period - Blake Hillman is hit by Patrik Laine and loses puck.
8:47 of 3rd period - Joakim Nordstrom is hit by Adrian Kempe.
9:41 of 3rd period - Ty Rattie is hit by Aaron Ness and loses puck.
11:36 of 3rd period - Slapshot by Morgan Rielly.
11:36 of 3rd period - Deflect By Adam Fox.
11:36 of 3rd period - Stopped by Jean-Francois Berube with a rebound.
11:51 of 3rd period - Off-side.
11:52 of 3rd period - Ryan Fitzgerald wins face-off versus Peter Holland in neutral zone.
12:32 of 3rd period - Minor Penalty to Joakim Nordstrom for Roughing.
12:33 of 3rd period - Matt Calvert wins face-off versus Corey Trivino in Monsters zone.
14:32 of 3rd period - Penalty to Joakim Nordstrom is over, Joakim Nordstrom is back on ice.
14:51 of 3rd period - Patrik Laine is hit by Jiri Sekac and loses puck.
15:07 of 3rd period - Victor Mete is hit by Andrei Mironov and loses puck.
15:10 of 3rd period - Minor Penalty to Ty Rattie for Roughing.
15:11 of 3rd period - Christian Hanson wins face-off versus Dominic Turgeon in Rocket zone.
15:12 of 3rd period - Snap shot by Ondrej Kase.
15:12 of 3rd period - Stopped by Jean-Francois Berube without a rebound.
15:13 of 3rd period - Christian Hanson wins face-off versus Dominic Turgeon in Rocket zone.
15:26 of 3rd period - Slapshot by Morgan Rielly.
15:26 of 3rd period - Stopped by Jean-Francois Berube with a rebound.
15:28 of 3rd period - Snap shot by Matt Calvert.
15:28 of 3rd period - Shot Misses the Net.
15:38 of 3rd period - Viktor Loov is hit by Mitch Marner and loses puck.
16:53 of 3rd period - Wrist shot by Peter Holland.
16:53 of 3rd period - Goal by Peter Holland - Monsters : 4 - Rocket : 5.
16:54 of 3rd period - Dominic Turgeon wins face-off versus Dominik Simon in neutral zone.
17:10 of 3rd period - Penalty to Ty Rattie is over, Ty Rattie is back on ice.
17:29 of 3rd period - Snap shot by Bobby Farnham.
17:29 of 3rd period - Stopped by Jean-Francois Berube with a rebound.
17:48 of 3rd period - Slapshot by Victor Mete.
17:48 of 3rd period - Stopped by Jean-Francois Berube without a rebound.
17:49 of 3rd period - Dominic Turgeon wins face-off versus Jared Knight in Rocket zone.
18:02 of 3rd period - Wrist shot by Bobby Farnham.
18:02 of 3rd period - Stopped by Jean-Francois Berube without a rebound.
18:03 of 3rd period - Mitch Marner wins face-off versus Corey Trivino in Rocket zone.
18:04 of 3rd period - Wrist shot by Dominik Simon.
18:04 of 3rd period - Shot Misses the Net.
18:12 of 3rd period - Wrist shot by Mitch Marner.
18:12 of 3rd period - Deflect By Adam Fox.
18:12 of 3rd period - Shot Blocked by Adam Fox.
18:12 of 3rd period - Puck is out of play.
18:13 of 3rd period - Dominik Simon wins face-off versus Corey Trivino in Rocket zone.
18:58 of 3rd period - Monsters, Peyton Jones is pulled from the net.
19:00 of 3rd period - Wrist shot by Mitch Marner.
19:00 of 3rd period - Shot Misses the Net.
Goals for this period are 0 for Monsters vs 1 for Rocket.
Shots for this period are 8 for Monsters vs 6 for Rocket.